 Dungeon Crawl Stone Soup version 0.23.0 (webtiles) character file.

Game seed: 15897765931958515910

3287 LostNumber the Grappler (level 9, -1/89 HPs)
             Began as a Troll Abyssal Knight on Feb 11, 2019.
             Was an Elder of Lugonu.
             Slain by an orc warrior
             ... wielding a +2 dire flail of crushing
              (4 damage)
             ... on level 6 of the Dungeon.
             The game lasted 00:09:41 (5187 turns).

LostNumber the Grappler (Troll Abyssal Knight)      Turns: 5187, Time: 00:09:41

Health: -1/89      AC:  6    Str: 27    XL:     9   Next: 69%
Magic:  0/12       EV: 10    Int:  8    God:    Lugonu [****..]
Gold:   246        SH:  0    Dex: 11    Spells: 8/8 levels left

rFire    + . .     SeeInvis .     - Unarmed
rCold    . . .     Gourm    +   (no shield)
rNeg     . . .     Faith    .   a - +0 robe
rPois    .         Spirit   +   (helmet restricted)
rElec    .         Reflect  .   k - scarf {Spirit}
rCorr    .         Harm     .   (gloves unavailable)
MR       .....                  (boots unavailable)
Stlth    +.........             (no amulet)
HPRegen  0.64/turn              i - ring of protection from fire
MPRegen  0.13/turn              r - +4 ring of strength

@: no status effects
A: large, unfitting armour, claws 3, fast metabolism 3, gourmand, regeneration
1, shaggy fur 1, tough skin 3
a: Depart the Abyss, Bend Space, Banish, Corrupt, Renounce Religion


You were on level 6 of the Dungeon.
You worshipped Lugonu.
Lugonu was greatly pleased with you.
You were completely stuffed.

You visited 1 branch of the dungeon, and saw 7 of its levels.
You visited the Abyss 1 time.

You collected 246 gold pieces.

Inventory:

Hand Weapons
 p - a +4 mace of freezing
   (You took it off a wight on level 6 of the Dungeon)
Armour
 a - a +0 robe (worn)
 b - a +0 shield
   (You found it on level 1 of the Abyss)
 k - a scarf of spirit shield (worn)
   (You found it on level 2 of the Dungeon)
Jewellery
 i - a ring of protection from fire (left claw)
   (You found it on level 2 of the Dungeon)
 r - a +4 ring of strength (right claw)
   (You found it on level 1 of the Dungeon)
 B - an uncursed ring of wizardry
   (You found it on level 6 of the Dungeon)
Wands
 c - a wand of disintegration (11)
   (You took it off Ijyb on level 4 of the Dungeon)
Scrolls
 h - 4 scrolls of remove curse {@r2}
 j - a scroll of amnesia {unknown}
 l - 4 scrolls of fear {unknown}
 n - a scroll of blinking {unknown}
 q - a scroll of fog {unknown}
 t - a scroll of random uselessness {unknown}
 v - a scroll of magic mapping {unknown}
 w - 8 scrolls of teleportation {unknown}
 y - a scroll of vulnerability {unknown}
Potions
 d - a potion of haste {unknown}
 f - a potion of lignification {!q}
 g - 4 potions of curing {@q1}
 m - a potion of might
 o - a potion of mutation {!q}
 s - a potion of invisibility
 u - a potion of agility {unknown}
 x - a potion of heal wounds {unknown}
 A - a potion of berserk rage {unknown}
Comestibles
 e - 8 rations {!d}
 z - 12 chunks of flesh


   Skills:
 + Level 5.7 Fighting
 - Level 1.9 Dodging
 + Level 4.9 Shields
 * Level 9.0 Unarmed Combat
 + Level 5.7 Invocations


You had 8 spell levels left.
You didn't know any spells.
Your spell library was empty.

Dungeon Overview and Level Annotations

Branches:
Dungeon (7/15)
 Temple: D:4-7

Altars:
Ashenzari
Cheibriados
Elyvilon
Gozag
Nemelex Xobeh
Sif Muna
Trog
Xom

Shops:
D:4 *

Annotations:
D:4 4 runed translucent doors, Crazy Yiuf; P0WERM0DE's ghost, amateur DDFi
D:7 Prince Ribbit


Innate Abilities, Weirdness & Mutations

You are too large for most types of armour.
You have claws for hands.
Your metabolism is lightning-fast.
You like to eat raw meat.
Your natural rate of healing is unusually fast.
You are covered in fur. (AC +1)
You have extremely tough skin. (AC +3)


Message History

Prince Ribbit lets out a mournful croak.
Prince Ribbit blinks!
Prince Ribbit blinks!
The quokka barely misses you.
You mangle the quokka!!
You kill the quokka!
Lugonu accepts your kill.
You closely miss Prince Ribbit. Prince Ribbit hits you.
You barely miss Prince Ribbit.
Prince Ribbit hits you but does no damage.
The orc hits you but does no damage.
An orc comes into view. It is wielding a +0 hand axe.
The orc shouts!
You claw Prince Ribbit! Prince Ribbit hits you. The orc misses you.
You barely miss Prince Ribbit.
Prince Ribbit hits you but does no damage.
Prince Ribbit hits you. The orc closely misses you. Prince Ribbit hits you!
Prince Ribbit hits you! The orc warrior barely misses you.
Prince Ribbit hits you. Prince Ribbit barely misses you.
Prince Ribbit blinks!
Prince Ribbit blinks!
Prince Ribbit blinks!
A puff of frost appears from out of thin air!
The puff of frost hits you!
Unknown command.
Unknown command.
Prince Ribbit blinks!
The orc warrior barely misses you.
Some of the chunks of flesh in your inventory have rotted away.
There is a stone staircase leading up here.
The orc warrior hits you with a +2 dire flail of crushing!
A puff of flame appears from out of thin air!
The puff of flame misses you.
You climb upwards.
Reactivating autopickup.
There is a stone staircase leading down here.
You scratch the orc warrior but do no damage.
The orc warrior hits you with a +2 dire flail of crushing!
* * * LOW HITPOINT WARNING * * *
* * * LOW HITPOINT WARNING * * *
You scratch the orc warrior but do no damage.
The orc warrior hits you with a +2 dire flail of crushing!!
* * * LOW HITPOINT WARNING * * *
* * * LOW HITPOINT WARNING * * *
Okay, then.
The orc warrior hits you with a +2 dire flail of crushing!!
* * * LOW HITPOINT WARNING * * *
You die...

###############
#.............#
###.............##
#.................
#@#...............
#>o...............
####.###########..
#.# #...# #.. #.#
#...# ### #.#
#...# #.. ####.##
#...# #.# #.....#
#...# #.# #.....#
#...# #.#


You could see an orc warrior.

Vanquished Creatures
  A hippogriff (D:6)
  6 yaks
  Duvessa (D:4)
  A sky beast (D:6)
  7 ogres
  Blork the orc (D:4)
  A bullfrog (D:6)
  A wyvern skeleton (D:6)
  A water moccasin skeleton (D:7)
  Dowan (D:4)
  3 wights (D:6)
  A howler monkey (D:6)
  2 crimson imps
  2 bullfrog zombies
  2 centaur zombies
  2 orc priests (D:5)
  2 hounds
  3 centaur skeletons
  Ijyb (D:4)
  3 iguanas
  3 orc wizards
  6 worker ants
  3 worker ant zombies
  Robin (D:4)
  5 gnolls
  7 adders
  A white imp (Abyss:1)
  2 oozes
  4 worms
  2 dart slugs (D:2)
  A leopard gecko (D:4)
  27 orcs
  11 bats
  A giant cockroach (D:2)
  15 goblins
  8 hobgoblins
  10 jackals
  A quokka (D:7)
  A ball python skeleton (D:4)
  4 frilled lizards
  A jackal zombie (D:6)
  6 kobolds
  A leopard gecko skeleton (D:4)
  A quokka skeleton (D:4)
  4 rats
168 creatures vanquished.

Notes
Turn   | Place    | Note
-------+----------+-------------------------------------------
     0 | Abyss:1  | LostNumber the Troll Abyssal Knight began the quest for the
                  | Orb.
     0 | Abyss:1  | Reached XP level 1. HP: 22/22 MP: 1/1
     5 | Abyss:1  | Found a corrupted altar of Lugonu.
    58 | Abyss:1  | Noticed a ynoxinul
    59 | D:1      | Escaped the Abyss
    69 | D:1      | Reached XP level 2. HP: 29/29 MP: 0/2
   223 | D:1      | Reached * piety under Lugonu
   223 | D:1      | Reached XP level 3. HP: 36/36 MP: 3/3
   936 | D:2      | Reached skill level 1 in Shields
  1095 | D:2      | Reached skill level 3 in Unarmed Combat
  1210 | D:2      | Found a shadowy altar of Dithmenos.
  1212 | D:2      | Found a snail-covered altar of Cheibriados.
  1212 | D:2      | Found a deep blue altar of Sif Muna.
  1214 | D:2      | Found a shattered altar of Ashenzari.
  1214 | D:2      | Found a sparkling altar of Nemelex Xobeh.
  1214 | D:2      | Found a shimmering altar of Xom.
  1666 | D:3      | Reached XP level 4. HP: 40/44 MP: 4/4
  1804 | D:3      | Reached XP level 5. HP: 49/53 MP: 5/5
  1817 | D:3      | Reached ** piety under Lugonu
  2310 | D:4      | Noticed an ogre
  2312 | D:4      | Noticed Blork the orc
  2315 | D:4      | Killed an ogre
  2315 | D:4      | Reached skill level 4 in Unarmed Combat
  2318 | D:4      | Reached XP level 6. HP: 61/61 MP: 5/7
  2331 | D:4      | Killed Blork the orc
  2409 | D:4      | Found a sparkling altar of Nemelex Xobeh.
  2422 | D:4      | Noticed Dowan
  2451 | D:4      | Killed Dowan
  2463 | D:4      | Noticed Duvessa
  2495 | D:4      | Killed Duvessa
  2495 | D:4      | Reached skill level 5 in Unarmed Combat
  2594 | D:4      | Found Kojeehon's Assorted Antiques.
  2618 | D:4      | Noticed Robin
  2624 | D:4      | Killed Robin
  2628 | D:4      | Reached XP level 7. HP: 66/67 MP: 8/8
  2680 | D:4      | Reached *** piety under Lugonu
  2940 | D:4      | Found a runed translucent gate.
  2942 | D:4      | Found a runed translucent gate.
  2942 | D:4      | Found an opulent altar of Gozag.
  2942 | D:4      | Noticed Ijyb
  3053 | D:4      | Killed Ijyb
  3053 | D:4      | Reached skill level 6 in Unarmed Combat
  3058 | D:4      | Found a runed translucent gate.
  3058 | D:4      | Noticed a yak
  3059 | D:4      | Noticed P0WERM0DE's ghost (amateur DDFi)
  3264 | D:4      | Found a runed translucent door.
  3265 | D:4      | Noticed Crazy Yiuf
  3371 | D:5      | Entered Level 5 of the Dungeon
  3453 | D:5      | Reached XP level 8. HP: 53/78 MP: 3/10
  3546 | D:5      | Found a bloodstained altar of Trog.
  3659 | D:5      | Found a white marble altar of Elyvilon.
  4151 | D:6      | Reached skill level 7 in Unarmed Combat
  4216 | D:6      | Reached **** piety under Lugonu
  4347 | D:6      | Noticed a hippogriff
  4362 | D:6      | Killed a hippogriff
  4362 | D:6      | Reached skill level 5 in Fighting
  4362 | D:6      | Reached skill level 5 in Invocations
  4362 | D:6      | Reached XP level 9. HP: 30/88 MP: 3/11
  4712 | D:7      | Reached skill level 8 in Unarmed Combat
  4895 | D:7      | Noticed Prince Ribbit
  5104 | D:7      | Reached skill level 9 in Unarmed Combat
  5187 | D:6      | HP: 3/89 [orc warrior/+2 dire flail of crushing (16)]
  5187 | D:6      | Slain by an orc warrior

Skill      XL: |  1  2  3  4  5  6  7  8  9 |
---------------+----------------------------+-----
Invocations    | 2 3 4 5 |  5.7
Shields        | 1 2 3 4 |  4.9
Unarmed Combat | 3 4 5 6 7 9 |  9.0
Fighting       | 3 4 5 |  5.7
Dodging        | |  1.9

Action                   |  1- 3 |  4- 6 |  7- 9 || total
-------------------------+-------+-------+-------++-------
Melee: Unarmed           |    81 |   128 |   307 ||   516
       Punch             |     2 |     3 |     9 ||    14
Invok: Depart the Abyss  |     1 |       |       ||     1
  Use: Scroll            |       |     5 |       ||     5
 Stab: Sleeping          |     3 |       |       ||     3
  Eat: Chunk             |    19 |    11 |    23 ||    53
Armor: Robe              |    31 |    53 |    93 ||   177
Dodge: Dodged            |    38 |    94 |   187 ||   319
